 Dungeon Crawl Stone Soup version 0.30-a0-1075-gcd70e7a56d (webtiles) character file.

Game seed: 3947791854948037748

455 Biggs the Ruffian (level 6, -5/47 HPs)
             Began as a Demonspawn Fighter on Apr 14, 2023.
             Slain by Duvessa
             ... wielding a +0 short sword
              (7 damage)
             ... on level 4 of the Dungeon.
             The game lasted 00:03:16 (3160 turns).

Biggs the Ruffian (Demonspawn Fighter)              Turns: 3160, Time: 00:03:17

Health: -5/47      AC:  6    Str: 18    XL:     6   Next: 76%
Magic:  6/6        EV:  9    Int:  9    God:
Gold:   213        SH:  0    Dex: 13    Spells: 5/5 levels left

rFire   . . .      SeeInvis .      - Unarmed
rCold   . . .      Faith    .    (no shield)
rNeg    . . .      Spirit   .    a - +0 scale mail
rPois   .          Reflect  .    (no helmet)
rElec   .          Rampage  .    (no cloak)
rCorr   .                        (no gloves)
Will    .....                    (no boots) Stlth
                                 (no amulet)
HPRegen 0.27/turn                (no ring)
MPRegen 0.10/turn                (no ring)

@: lit by a corona, about to teleport, glowing
A: spiny 2, weakness stinger 1
a: no special abilities


You were on level 4 of the Dungeon.
You visited 1 branch of the dungeon, and saw 4 of its levels.

You collected 213 gold pieces.

Inventory:

Armour
 a - a +0 scale mail (worn)
 b - a +0 buckler
Wands
 o - a wand of flame (8)
 q - a wand of paralysis (3)
Scrolls
 d - 2 scrolls of immolation
 k - 2 scrolls of brand weapon
 m - a scroll of enchant armour {unknown}
 p - a scroll of poison {unknown}
 r - a scroll of magic mapping {unknown}
 u - a scroll of fear {unknown}
Potions
 c - a potion of might
 e - 3 potions of brilliance {unknown}
 g - a potion of magic {unknown}
 h - a potion of invisibility
 j - a potion of lignification {unknown}
 l - 2 potions of berserk rage {unknown}
 n - a potion of heal wounds {unknown}
 s - a potion of attraction {unknown}
 t - a potion of resistance


   Skills:
 - Level 3.0 Fighting
 - Level 2.6 Armour
 - Level 2.6 Shields
 + Level 6.7 Unarmed Combat


You had 5 spell levels left.
You didn't know any spells.
Your spell library contained the following spells:

 Spells                   Type           Power      Damage    Failure   Level
 Sandblast                Erth           0%         2d4       78%         1
 Passwall                 Tmut/Erth      0%         N/A       89%         2
 Dazzling Flash           Conj/Hex       0%         N/A       98%         3
 Ozocubu's Armour         Ice            0%         N/A       98%         3
 Stone Arrow              Conj/Erth      0%         3d7       98%         3
 Volatile Blastmotes      Fire/Tloc      0%         2d10      98%         3
 Iskenderun's Mystic Bla  Conj/Tloc      0%         2d3       100%        4
 Agony                    Necr           0%         N/A       100%        5
 Metabolic Englaciation   Hex/Ice        0%         N/A       100%        5
 Silence                  Hex/Air        0%         N/A       100%        5
 Simulacrum               Ice/Necr       0%         N/A       100%        6
 Starburst                Conj/Fire      0%         6d3       100%        6


Dungeon Overview and Level Annotations

Branches:
Dungeon (4/15)
 Temple: D:4-7

Altars:
Ashenzari

Annotations:
D:4 Duvessa


Innate Abilities, Weirdness & Mutations

You are mostly covered in sharp spines.
You have a small tail.


Message History

Found 7 gold pieces.
You barely miss Duvessa. Duvessa completely misses you.
You hit Duvessa.
You tail-slap Duvessa, but do no damage.
Duvessa is lightly wounded.
Dowan says, "Magic and the sword, together, will defeat you."
Duvessa hits you with a +0 short sword.
You hit Duvessa but do no damage.
Your tail-slap misses Duvessa.
Duvessa is lightly wounded.
Dowan is struck by your spines. Dowan hits you but does no damage.
Duvessa is struck by your spines. Duvessa hits you with a +0 short sword.
You hit Dowan. You punch Dowan, but do no damage.
Dowan is heavily wounded.
Dowan is struck by your spines. Dowan hits you but does no damage.
Duvessa drinks a potion.
Duvessa suddenly seems more resistant.
You hit Dowan.
Dowan is severely wounded.
You closely miss Dowan.
Dowan is severely wounded.
Dowan hits you with a +0 dagger. Duvessa is struck by your spines.
Duvessa hits you with a +0 short sword.
You closely miss Dowan.
Dowan is severely wounded.
Dowan casts a spell at Duvessa.
Duvessa seems to speed up.
Duvessa barely misses you.
You punch Dowan!
You kill Dowan!
Duvessa weeps, and shakes her weapon.
Duvessa goes berserk!
Duvessa is struck by your spines. Duvessa hits you with a +0 short sword.
Duvessa hits you with a +0 short sword!
Unknown command.
Duvessa is struck by your spines. Duvessa completely misses you.
There is a stone staircase leading up here.
As you read the scroll of teleportation, it crumbles to dust.
You feel strangely unstable. Duvessa misses you.
Duvessa hits you with a +0 short sword!!
* * * LOW HITPOINT WARNING * * *
Unknown command.
Duvessa is struck by your spines. Duvessa hits you with a +0 short sword!
You die...

#........#.
#..........
#..).<.....
+...# #†..#
##...#
#<...#
#e...#
#@...#
######


You could see Duvessa (berserk, fast, resistant).

Vanquished Creatures
  Sigmund (D:3)
  Dowan (D:4)
  Crazy Yiuf (D:3)
  Ijyb (D:3)
  Terence (D:3)
  6 gnolls (D:2)
  2 adders (D:2)
  2 worms
  3 dart slugs
  2 orcs (D:3)
  6 endoplasms
  3 giant cockroaches
  3 hobgoblins
  7 jackals
  5 quokkas
  5 ball pythons
  5 bats
  8 frilled lizards
  6 goblins
  9 kobolds
  3 rats
80 creatures vanquished.

Notes
Turn   | Place    | Note
-------+----------+-------------------------------------------
     0 | D:1      | Biggs the Demonspawn Fighter began the quest for the Orb.
     0 | D:1      | Reached XP level 1. HP: 18/18 MP: 1/1
   105 | D:1      | Reached skill level 2 in Unarmed Combat
   222 | D:1      | Gained mutation: You are partially covered in sharp spines.
                  | [demonic ancestry]
   222 | D:1      | Reached XP level 2. HP: 18/24 MP: 2/2
   517 | D:1      | Reached skill level 3 in Unarmed Combat
   854 | D:1      | Found a faded altar of an unknown god.
  1060 | D:2      | Reached XP level 3. HP: 28/29 MP: 3/3
  1338 | D:2      | Reached skill level 4 in Unarmed Combat
  1338 | D:2      | Gained mutation: You have a small tail. [demonic ancestry]
  1338 | D:2      | Reached XP level 4. HP: 6/35 MP: 4/4
  1893 | D:3      | Found a broken altar of Ashenzari.
  1913 | D:3      | Noticed Sigmund
  1925 | D:3      | Killed Sigmund
  1926 | D:3      | Reached skill level 5 in Unarmed Combat
  1926 | D:3      | Reached XP level 5. HP: 15/41 MP: 5/5
  1926 | D:3      | Gained mutation: You are mostly covered in sharp spines.
                  | [demonic ancestry]
  1926 | D:3      | Reached XP level 6. HP: 17/47 MP: 6/6
  2195 | D:3      | Noticed Ijyb
  2198 | D:3      | Paralysed by Ijyb for 5 turns
  2206 | D:3      | Killed Ijyb
  2207 | D:3      | Reached skill level 6 in Unarmed Combat
  2404 | D:3      | Noticed Terence
  2413 | D:3      | Killed Terence
  2862 | D:3      | Found a runed translucent door.
  2863 | D:3      | Noticed Crazy Yiuf
  3065 | D:3      | Killed Crazy Yiuf
  3142 | D:4      | Noticed Duvessa
  3142 | D:4      | Noticed Dowan
  3154 | D:4      | Killed Dowan
  3158 | D:4      | HP: 2/47 [Duvessa/+0 short sword (18)]
  3160 | D:4      | Slain by Duvessa

Illustrated notes

Levels and vault maps discovered:
D:1:      lightli_arrival_noodles, layout_basic,
          shapermc_ecumenical_altar_mp_vishouse, bh_walls_and_bars
D:2:      layout_loops_ring
D:3:      minmay_thinvault, layout_loops_ring, ashenzari_conservatory_becter,
          uniq_crazy_yiuf_cottage, uniq_terence, uniq_ijyb, uniq_sigmund
D:4:      layout_gridville, zin_scriptorium, minmay_temple_entry_arrows,
          gammafunk_ghost_nasty_kobolds, uniq_duvessa

Skill      XL: |  1  2  3  4  5  6 |
---------------+-------------------+-----
Unarmed Combat | 2 3 4 5 6 |  6.7
Fighting       | |  3.0
Armour         | |  2.6
Shields        | |  2.6

Action                     |  1- 3 |  4- 6 || total
---------------------------+-------+-------++-------
  Melee: Unarmed           |    91 |    83 ||   174
         Punch             |     2 |     4 ||     6
         Tailslap          |       |     8 ||     8
    Use: Scroll            |       |     4 ||     4
 Armour: Scale mail        |    28 |    20 ||    48
  Dodge: Dodged            |    43 |    31 ||    74
  Block: Buckler           |     4 |       ||     4

Table legend: (Time is in decaauts)
 A = Elapsed time spent in this place.
 B = Non-inter-level travel time spent in this place.
 C = Inter-level travel time spent in this place.
 D = Time resting spent in this place.
 E = Time spent auto-exploring this place.
 F = Levels seen in this place.
 G = Mean time per level.
                   A        B        C        D        E       F      G
               +--------+--------+--------+--------+--------+-----+--------+
         Total |   3134 |   3012 |    122 |     83 |   2490 |   4 |  783.5 |
       Dungeon |   3134 |   3012 |    122 |     83 |   2490 |   4 |  783.5 |
               +--------+--------+--------+--------+--------+-----+--------+

Top non-repeatable levels by time:
     D:3: 1234 daAuts
     D:1: 1130 daAuts
     D:2: 751 daAuts
     D:4: 17 daAuts
